Map: Blackpink LE

Players

Impact

  • Race: Zerg Zerg
  • Spawn Location: 1:00

Serral - Winner!

  • Race: Zerg Zerg
  • Spawn Location: 7:00

Event: IEM Season 12 - Katowice

VOD

Have the link to the VOD?

Description

Time

  • Played on: March 2, 2018, 5:54 a.m.
  • Length: 15:53

All games in this series

Show
View Real Time Build Order
Export as new Build Order

Impact Zerg 

Build Orders: Hatch First 

Get SALT Encoding   

  12  0:00  Drone  
  13  0:13  Overlord  
  13  0:17  Drone  
  14  0:32  Drone x2  
  16  0:35  Drone  
  17  0:52  Hatchery  
  17  0:55  Drone  
  17  0:58  Drone  
  17  1:03  Extractor  
  17  1:13  Spawning Pool  
  17  1:15  Drone  
  17  1:21  Drone  
  18  1:29  Drone  
  19  1:40  Overlord  
  19  2:00  Queen, Zergling x2  
  22  2:01  Zergling x2  
  22  2:02  Metabolic Boost  
  22  2:05  Queen  
  22  2:07  Zergling x2  
  26  2:13  Drone  
  26  2:14  Drone  
  28  2:23  Drone  
  28  2:25  Drone  
  30  2:36  Hatchery  
  29  2:41  Zergling x2  
  29  2:43  Zergling x2  
  31  2:46  Drone  
  31  2:49  Overlord  
  31  3:08  Zergling x2  
  31  3:09  Zergling x12  
  38  3:13  Zergling x2  
  38  3:14  Zergling x4  
  38  3:19  Overlord  
  41  3:24  Drone  
  42  3:31  Drone  
  41  3:34  Drone  
  41  3:41  Roach Warren  
  41  3:43  Drone  
  41  3:44  Drone  
  41  3:45  Drone x3  
  47  3:48  Drone  
  47  3:53  Drone  
  44  3:57  Drone  
  44  3:59  Overlord  
  44  4:04  Queen  
  44  4:12  Zergling x2  
  44  4:13  Zergling x8  
  44  4:14  Zergling x2  
  49  4:17  Zergling x2  
  49  4:21  Roach  
  49  4:22  Roach  
  52  4:25  Roach  
  52  4:29  Roach  
  55  4:32  Roach  
  55  4:34  Roach  
  59  4:39  Roach x2  
  59  4:46  Roach  
  59  4:50  Zergling x6  
  59  4:51  Zergling x4  
  64  4:53  Roach  
  64  4:56  Overlord  
  65  5:00  Overlord  
  63  5:07  Drone  
  63  5:08  Drone  
  63  5:13  Overlord  
  65  5:17  Drone x3  
  65  5:18  Drone  
  69  5:21  Extractor  
  69  5:27  Drone  
  67  5:28  Evolution Chamber  
  67  5:31  Roach x3  
  72  5:37  Drone  
  72  5:40  Extractor  
  72  5:43  Drone  
  72  5:45  Drone  
  72  5:48  Drone  
  73  5:53  Drone x2  
  74  5:58  Roach  
  74  6:01  Roach  
  74  6:02  Roach x2  
  81  6:05  Overlord  
  81  6:06  Overlord  
  81  6:07  Roach  
  81  6:09  Zergling x6  
  81  6:10  Zergling x4  
  87  6:14  Spine Crawler  
  87  6:15  Roach  
  87  6:16  Spine Crawler  
  87  6:19  Ravager  
  87  6:20  Zergling x2  
  87  6:21  Overlord  
  87  6:25  Roach  
  91  6:27  Roach  
  91  6:29  Zergling x2  
  91  6:31  Roach  
  96  6:33  Roach  
  96  6:36  Roach  
  100  6:42  Roach  
  100  6:44  Roach, Zergling x2  
  101  6:51  Drone  
  100  6:55  Drone  
  100  6:58  Drone  
  100  7:00  Drone  
  103  7:03  Drone x2  
  103  7:06  Drone  
  106  7:09  Drone  
  106  7:12  Zerg Missile Weapons Level 1  
  106  7:15  Drone x2  
  109  7:17  Drone  
  109  7:18  Drone  
  111  7:24  Drone  
  111  7:25  Drone, Overlord  
  111  7:26  Overlord  
  111  7:33  Lair  
  111  7:35  Roach  
  113  7:42  Overlord  
  111  7:46  Roach x3  
  114  7:52  Roach x2  
  114  7:57  Drone x8  
  125  8:04  Drone x3  
  124  8:06  Ravager  
  124  8:07  Extractor  
  124  8:11  Roach x3  
  130  8:18  Extractor  
  129  8:20  Overlord  
  129  8:21  Overlord x2  
  129  8:25  Drone, Extractor  
  129  8:26  Drone x2  
  132  8:30  Glial Reconstitution  
  132  8:31  Overseer  
  132  8:32  Overlord x2  
  132  8:33  Overlord  
  132  8:39  Roach x2  
  132  8:40  Roach x2  
  140  8:42  Roach  
  140  8:45  Roach  
  144  8:53  Roach x2  
  147  8:56  Roach x2  
  147  9:00  Roach x2  
  147  9:02  Overlord x2  
  155  9:03  Overlord  
  155  9:07  Roach x2  
  155  9:09  Ravager  
  158  9:12  Roach x2  
  162  9:19  Drone  
  162  9:22  Zerg Missile Weapons Level 2  
  163  9:25  Roach  
  163  9:27  Roach, Unknown  
  163  9:30  Roach  
  163  9:31  Roach  
  171  9:32  Hatchery  
  171  9:33  Roach  
  171  9:36  Roach x2  
  176  9:39  Roach  
  176  9:40  Roach  
  176  9:43  Roach x2  
  184  9:48  Roach x2  
  188  9:55  Roach x3  
  188  9:59  Roach x3  
  200  10:04  Extractor  
  200  10:05  Drone  
  200  10:11  Burrow  
  200  10:19  Tunneling Claws  
  200  10:25  Roach, Unknown  
  200  10:34  Roach  
  194  10:38  Roach x6  
  200  10:48  Roach  
  200  10:54  Roach  
  198  11:06  Hydralisk Den  
  198  11:07  Roach x5  
  198  11:09  Roach  
  198  11:10  Roach x2  
  177  11:12  Roach x6  
  177  11:18  Roach x7  
  184  11:22  Roach x4  
  193  11:32  Roach x4  
  177  11:37  Roach  
  177  11:39  Roach, Overseer  
  163  11:41  Roach x2  
  163  11:44  Roach  
  163  11:45  Roach x5  
  179  11:50  Roach x3  
  185  11:57  Roach x3  
  185  11:59  Drone  
  192  12:02  Ravager x2  
  192  12:05  Roach x19  
  198  12:10  Ravager  
  198  12:11  Ravager  
  198  12:27  Roach  
  198  12:28  Roach x5  
  200  12:32  Baneling Nest  
  187  12:42  Roach x9  
  187  12:44  Roach  
  185  12:53  Roach x4  
  185  12:55  Roach x16  
  185  12:56  Roach x16  
  185  12:57  Roach  
  185  12:58  Roach  
  187  13:00  Roach x14  
  185  13:07  Roach  
  185  13:08  Roach x3  
  185  13:10  Roach  
  185  13:12  Roach  
  197  13:18  Overlord  
  195  13:22  Overlord  
  193  13:28  Ravager x6  
  193  13:29  Ravager  
  193  13:33  Overlord x2  
  200  13:35  Overlord  
  200  13:39  Centrifical Hooks  
  111  14:06  Roach x3  
  111  14:07  Roach x8  
  105  14:11  Roach x2  
  105  14:13  Roach  
  105  14:16  Drone  
  112  14:18  Roach  
  112  14:21  Roach  
  118  14:24  Roach  
  118  14:26  Roach  
  118  14:28  Ravager  
  118  14:30  Ravager x3  
  118  14:31  Roach  
  126  14:38  Roach  
  126  14:39  Roach x3  
  126  14:42  Roach  
  126  14:44  Unknown, Overseer  
  126  14:45  Unknown x2  
  136  14:46  Roach, Unknown x4  
  136  14:52  Roach  
  142  14:53  Roach x2  
  142  14:57  Roach  
  140  15:24  Zergling x8, Hatchery  
  140  15:25  Zergling x8  
  140  15:27  Ravager x2  
  149  15:31  Ravager x6  
  150  15:48  Unknown x3  
Show
View Real Time Build Order
Export as new Build Order

Serral Zerg - Winner!

Build Orders: Hatch First 

Get SALT Encoding   

  12  0:00  Drone  
  13  0:12  Overlord  
  13  0:17  Drone  
  14  0:31  Drone x2  
  14  0:35  Drone  
  17  0:52  Hatchery  
  17  0:54  Drone  
  17  0:58  Drone  
  18  1:08  Extractor  
  17  1:12  Spawning Pool  
  17  1:15  Drone  
  17  1:19  Drone  
  18  1:28  Drone  
  19  1:41  Overlord  
  19  1:51  Drone  
  20  1:59  Queen  
  20  2:01  Zergling x2  
  23  2:03  Queen  
  23  2:04  Zergling x2  
  23  2:07  Metabolic Boost  
  26  2:11  Drone  
  26  2:15  Drone  
  28  2:21  Drone  
  29  2:26  Drone  
  30  2:33  Drone  
  31  2:38  Hatchery  
  31  2:44  Baneling Nest  
  29  2:45  Zergling x2  
  30  2:52  Zergling x2  
  30  2:53  Overlord  
  31  2:59  Drone  
  31  3:04  Zergling x2  
  33  3:07  Drone x2  
  33  3:08  Drone  
  35  3:13  Drone  
  35  3:14  Overlord  
  35  3:17  Zergling x4  
  38  3:24  Zergling x4  
  40  3:27  Baneling  
  39  3:37  Zergling x4  
  41  3:43  Baneling  
  41  3:44  Baneling  
  41  3:46  Zergling x10  
  46  3:53  Overlord  
  43  3:56  Zergling x10  
  46  4:14  Drone x3  
  46  4:16  Drone  
  50  4:21  Drone x2  
  52  4:25  Drone x2  
  52  4:26  Hatchery  
  53  4:33  Roach Warren, Baneling  
  53  4:34  Baneling x2  
  53  4:38  Drone, Extractor  
  52  4:42  Drone x2  
  53  4:46  Drone x2  
  53  4:51  Drone  
  54  4:53  Overlord  
  54  4:56  Overlord  
  54  4:59  Overlord  
  54  5:02  Overlord  
  53  5:12  Roach x3  
  53  5:13  Roach  
  61  5:18  Roach x2  
  65  5:24  Roach x2  
  65  5:28  Roach x2  
  72  5:30  Roach  
  74  5:36  Ravager  
  74  5:41  Roach x3  
  81  5:47  Roach  
  82  5:50  Overlord  
  82  5:53  Drone x2  
  84  5:59  Drone x3  
  84  6:01  Evolution Chamber, Overlord  
  86  6:07  Overlord  
  86  6:10  Overlord  
  86  6:11  Queen  
  86  6:13  Drone  
  86  6:14  Drone x2  
  91  6:19  Drone x2  
  91  6:22  Extractor  
  91  6:24  Roach  
  91  6:25  Roach, Drone x2  
  97  6:28  Zerg Missile Weapons Level 1  
  97  6:30  Drone  
  99  6:34  Drone  
  99  6:35  Drone  
  99  6:37  Drone  
  101  6:40  Drone x2  
  101  6:46  Roach x3  
  107  6:52  Roach x4  
  113  6:56  Overlord  
  113  7:00  Roach  
  114  7:07  Roach x2  
  118  7:15  Baneling  
  118  7:16  Baneling x2, Zergling x2  
  118  7:17  Zergling x8  
  118  7:18  Baneling  
  118  7:19  Overlord, Baneling  
  118  7:20  Overlord  
  118  7:21  Zergling x2  
  124  7:26  Zergling x4  
  124  7:27  Zergling x4  
  128  7:33  Zergling x4  
  129  7:41  Drone x8  
  135  7:50  Drone  
  135  7:53  Drone x2, Lair  
  135  7:56  Extractor  
  135  7:57  Extractor  
  135  7:58  Extractor  
  135  8:03  Roach x3  
  136  8:09  Overlord  
  136  8:10  Drone x4  
  141  8:16  Roach x5  
  141  8:18  Hatchery  
  141  8:19  Roach x2  
  154  8:31  Evolution Chamber  
  154  8:32  Overlord x2  
  162  8:41  Roach x4  
  162  8:43  Extractor, Overlord x3  
  161  8:50  Zerg Missile Weapons Level 2, Glial Reconstitution  
  161  8:51  Roach  
  161  8:52  Roach x2  
  161  8:54  Unknown, Overseer  
  167  9:02  Pneumatized Carapace  
  166  9:06  Drone x2  
  166  9:07  Roach x5  
  176  9:11  Roach  
  176  9:12  Roach  
  176  9:14  Drone x2  
  180  9:19  Hydralisk Den  
  179  9:32  Roach x3  
  179  9:33  Roach x5  
  179  9:35  Ravager  
  196  9:41  Overlord  
  197  9:45  Ravager x2  
  197  9:47  Extractor  
  197  9:48  Roach  
  200  9:53  Overseer  
  199  10:14  Queen, Grooved Spines  
  198  10:18  Unknown  
  200  10:33  Hydralisk x4  
  198  10:39  Hydralisk  
  200  10:43  Extractor  
  200  10:44  Hydralisk  
  199  10:57  Overlord  
  193  11:06  Hydralisk x3  
  193  11:07  Roach x9  
  193  11:10  Roach  
  193  11:11  Roach x7  
  199  11:14  Roach x7  
  199  11:16  Roach x4  
  185  11:27  Roach x8  
  179  11:33  Roach x2  
  179  11:35  Hydralisk x2  
  182  11:42  Hydralisk x2  
  186  11:48  Hydralisk  
  186  11:49  Roach, Ravager  
  186  11:50  Muscular Augments  
  186  11:52  Roach x3  
  186  11:53  Roach  
  199  11:56  Overseer  
  199  12:01  Ravager, Overseer  
  200  12:02  Overseer  
  200  12:04  Unknown  
  200  12:08  Spine Crawler  
  199  12:09  Spine Crawler, Zerg Ground Armor Level 1  
  199  12:13  Spine Crawler  
  199  12:14  Spine Crawler  
  196  12:15  Drone, Spine Crawler  
  196  12:16  Drone x3, Spine Crawler  
  196  12:25  Overseer  
  196  12:28  Roach x4  
  188  12:38  Roach x9  
  183  12:44  Roach  
  183  12:45  Roach x5  
  190  12:53  Drone x3  
  183  13:01  Unknown, Hydralisk x2  
  183  13:02  Roach x3  
  193  13:06  Ravager  
  193  13:09  Ravager x2  
  193  13:10  Ravager  
  193  13:11  Roach  
  197  13:52  Hydralisk x2  
  197  13:53  Roach, Hydralisk  
  197  13:54  Roach x8  
  189  13:57  Roach x3  
  189  13:59  Queen x2  
  169  14:08  Roach x7  
  173  14:14  Burrow  
  173  14:20  Ravager x2  
  173  14:23  Roach x2  
  178  14:26  Hatchery  
  177  14:31  Lurker Den  
  177  14:38  Hydralisk x2  
  176  14:39  Roach x4  
  186  14:46  Roach x5  
  192  15:11  Roach x8  
  200  15:19  Drone x3  
  200  15:21  Unknown  

Tags
 
Add a new tag
Caveats
  • Supply blocks, unpowered buildings, or Contaminate may cause inaccurate times.
  • Supply counts are checked every 10 seconds.